 Dungeon Crawl Stone Soup version 0.30-a0-313-gae38170b09 (webtiles) character file.

Game seed: 7307129518120846475

758 NinjaNoafa the Cleaver (level 7, 0/61 HPs)
             Began as a Minotaur Fighter on Oct 26, 2022.
             Was a Priest of Uskayaw.
             Slain by a gnoll
             ... wielding a +0 halberd
              (12 damage)
             ... on level 5 of the Dungeon.
             The game lasted 00:04:57 (3480 turns).

NinjaNoafa the Cleaver (Minotaur Fighter)           Turns: 3480, Time: 00:04:58

Health: 0/61       AC:  7    Str: 22    XL:     7   Next: 50%
Magic:  6/6        EV:  9    Int:  5    God:    Uskayaw [***...]
Gold:   159        SH:  4    Dex: 10    Spells: 6/6 levels left

rFire   . . .      SeeInvis .    a - +0 war axe
rCold   . . .      Faith    .    c - +0 buckler
rNeg    . . .      Spirit   .    b - +0 scale mail
rPois   .          Reflect  .    (helmet restricted)
rElec   .          Harm     .    (no cloak)
rCorr   .          Rampage  .    (no gloves)
Will    .....                    (no boots)
Stlth   ..........               (no amulet)
HPRegen 0.30/turn                (no ring)
MPRegen 0.10/turn                (no ring)

@: no status effects
A: horns 2, retaliatory headbutt
a: Renounce Religion, Stomp, Line Pass


You were on level 5 of the Dungeon.
You worshipped Uskayaw.
Uskayaw was noncommittal.
You visited 2 branches of the dungeon, and saw 6 of its levels.

You collected 159 gold pieces.

Inventory:

Hand Weapons
 a - a +0 war axe (weapon)
Missiles
 e - 49 stones
 h - 2 poisoned darts
 q - 4 boomerangs
 s - 11 javelins (quivered)
 u - a throwing net
Armour
 b - a +0 scale mail (worn)
 c - a +0 buckler (worn)
Jewellery
 g - a ring of fire
Scrolls
 f - a scroll of magic mapping {unknown}
 i - a scroll of vulnerability {unknown}
 k - 2 scrolls of teleportation {unknown}
 l - 6 scrolls of identify {unknown}
 t - a scroll of enchant weapon {unknown}
 x - a scroll of amnesia {unknown}
 y - a scroll of enchant armour {unknown}
Potions
 d - 2 potions of might
 j - 4 potions of brilliance
 m - 3 potions of mutation {unknown}
 n - a potion of ambrosia {unknown}
 o - a potion of lignification {unknown}
 p - 3 potions of resistance {unknown}
 r - a potion of curing
 v - 3 potions of magic {unknown}
 w - a potion of flight {unknown}


   Skills:
 + Level 5.3 Fighting
 - Level 9.0 Axes
 - Level 5.0 Armour
 - Level 3.6 Shields


You had 6 spell levels left.
You didn't know any spells.
Your spell library was empty.

Dungeon Overview and Level Annotations

Branches:
Dungeon (5/15)             Temple (1/1) D:4

Altars:
Ashenzari
Elyvilon
Hepliaklqana
Makhleb
Okawaru
Ru
Trog
Uskayaw
Vehumet
Wu Jian


Innate Abilities, Weirdness & Mutations

You have a pair of horns on your head.
You reflexively headbutt those who attack you in melee.


Message History

The gnoll hits you from afar with a +0 halberd.
The hound barely misses you.
The gnoll splashes around in the water.
Training target 9.0 for Axes reached!
Your Axes skill increases to level 9!
You need to enable at least one skill for training.
Saving game... please wait.
Welcome back, NinjaNoafa the Minotaur Fighter.
Uskayaw says: Surrender yourself to the rhythm!
Press ? for a list of commands and other information.
A nearby fungus withers and dies.
The gnoll hits the fungus with a +0 halberd.
The hound bites you but does no damage.
Something hits the fungus!
The fungus begins to die.
Something hits the fungus!
You barely miss the hound. The hound misses you.
The gnoll hits you from afar with a +0 halberd.
You block the gnoll's attack.
Something hits the fungus!
The hound barely misses you.
The gnoll hits you from afar with a +0 halberd.
You closely miss the hound.
You headbutt the hound, but do no damage.
The hound barely misses you. You furiously retaliate!
You headbutt the hound! You block the gnoll's attack.
The gnoll hits you but does no damage.
Uskayaw will force your foes to helplessly watch your dance.
Uskayaw prepares the audience for your solo!
The helpless hound fails to defend itself.
You slash the hound!
You kill the hound!
The gnoll is no longer paralysed. x2; A nearby fungus withers and dies.
The gnoll hits you from afar with a +0 halberd!
The gnoll closely misses you. The gnoll hits you but does no damage.
The gnoll closely misses you.
The gnoll hits you from afar with a +0 halberd.
You barely miss the gnoll. You headbutt the gnoll.
The gnoll is moderately wounded.
You hit the gnoll but do no damage. The gnoll hits you with a +0 halberd.
* * * LOW HITPOINT WARNING * * *
The gnoll hits you with a +0 halberd.
* * * LOW HITPOINT WARNING * * *
The gnoll hits you from afar with a +0 halberd!
You die...

#)#........ ......
#.#..P..P.. #.....
##.#.P~.~...
...##..
#....P~.~P.. .##
##. #....P~.~P..
#. #....P~.~... #.
#...gg.PP... ##.
#..gg)...... #..
###@###..... #..
#.# ### #.# #.#
#.# #.# #.#
#.####### #.#
#.......########.#
#.#####.#........#
#....##.#.########
#.##....<.#


You could see 4 gnolls.

Vanquished Creatures
  Grinder (D:4)
  A steam dragon (D:4)
  2 hounds (D:5)
  A jelly (D:5)
  2 orc priests (D:2)
  An iguana (D:4)
  8 adders
  5 gnolls
  3 worms
  3 dart slugs
  12 orcs
  7 ball pythons
  7 bats
  9 endoplasms
  3 giant cockroaches
  5 goblins
  5 hobgoblins
  6 jackals (D:1)
  5 quokkas
  4 frilled lizards
  16 kobolds
  4 rats
  A spectral orc (D:4)
111 creatures vanquished.

Vanquished Creatures (others)
  5 fungi (D:5)
5 creatures vanquished.

Grand Total: 116 creatures vanquished

Notes
Turn   | Place    | Note
-------+----------+-------------------------------------------
     0 | D:1      | NinjaNoafa the Minotaur Fighter began the quest for the
                  | Orb.
     0 | D:1      | Reached XP level 1. HP: 19/19 MP: 0/0
    29 | D:1      | Reached skill level 3 in Axes
    32 | D:1      | Reached XP level 2. HP: 26/26 MP: 1/1
   176 | D:1      | Reached skill level 4 in Axes
   380 | D:1      | Reached XP level 3. HP: 31/31 MP: 2/2
   719 | D:2      | Reached skill level 5 in Axes
   819 | D:2      | Reached XP level 4. HP: 38/39 MP: 3/3
   822 | D:2      | Reached skill level 5 in Armour
  1000 | D:2      | Reached XP level 5. HP: 46/46 MP: 4/4
  1643 | D:3      | Reached skill level 5 in Fighting
  1683 | D:3      | Found a faded altar of an unknown god.
  2020 | D:4      | Noticed Grinder
  2028 | D:4      | Paralysed by Grinder for 4 turns
  2067 | D:4      | Killed Grinder
  2068 | D:4      | Reached skill level 7 in Axes
  2068 | D:4      | Reached XP level 6. HP: 13/56 MP: 5/5
  2618 | D:4      | Found a hide-covered altar of Uskayaw.
  2632 | D:4      | Noticed a steam dragon
  2639 | D:4      | Killed a steam dragon
  2640 | D:4      | Reached skill level 8 in Axes
  2640 | D:4      | Reached XP level 7. HP: 23/61 MP: 6/6
  2687 | D:4      | Became a worshipper of Uskayaw the Reveller
  2836 | D:4      | Reached * piety under Uskayaw
  2952 | D:4      | Found a staircase to the Ecumenical Temple.
  3061 | D:4      | Found a hazy altar of Hepliaklqana.
  3169 | Temple   | Entered the Ecumenical Temple
  3350 | D:5      | Entered Level 5 of the Dungeon
  3456 | D:5      | Reached ** piety under Uskayaw
  3474 | D:5      | Reached skill level 9 in Axes
  3477 | D:5      | Reached *** piety under Uskayaw
  3480 | D:5      | Slain by a gnoll

Illustrated notes

Levels and vault maps discovered:
D:1:      dpeg_arrival_arbitrary_b, layout_loops_cross
D:2:      layout_rooms, corexii_item_surrounded_by_moat,
          minmay_randomly_rotated_circles
D:3:      layout_loops_ring, chequers_ecumenical_altar_grove, dk_vineyard_1
D:4:      layout_basic, nicolae_hepliaklqana_monster_ancestors,
          eat_drink_and_be_merry_uskayaw, minmay_temple_entry_mist,
          serial_bayou_pond_c, uniq_grinder
D:5:      layout_loops_cross, dreamdust_gnoll_farm, uniq_sigmund
Temple:   hellmonk_temple_forest_ring

Skill      XL: |  1  2  3  4  5  6  7 |
---------------+----------------------+-----
Axes           | 3 4 5 7 8 9 |  9.0
Armour         | 4 5 |  5.0
Fighting       | 4 5 |  5.3
Shields        | |  3.6

Action                   |  1- 3 |  4- 6 |  7- 9 || total
-------------------------+-------+-------+-------++-------
Melee: War axe           |    66 |    77 |    28 ||   171
       Headbutt          |     4 |     9 |     3 ||    16
Throw: Dart              |     6 |     3 |       ||     9
       Javelin           |     1 |    38 |       ||    39
       Boomerang         |     1 |     3 |       ||     4
  Use: Potion            |       |     3 |       ||     3
 Stab: Paralysed         |       |       |     1 ||     1
Armor: Scale mail        |    46 |    46 |    10 ||   102
Dodge: Dodged            |    47 |    36 |    15 ||    98
Block: Buckler           |    25 |    21 |     6 ||    52

Table legend: (Time is in decaauts)
 A = Elapsed time spent in this place.
 B = Non-inter-level travel time spent in this place.
 C = Inter-level travel time spent in this place.
 D = Time resting spent in this place.
 E = Time spent auto-exploring this place.
 F = Levels seen in this place.
 G = Mean time per level.
                   A        B        C        D        E       F      G
               +--------+--------+--------+--------+--------+-----+--------+
         Total |   3552 |   3408 |    144 |      0 |   2773 |   6 |  592.0 |
       Dungeon |   3385 |   3259 |    126 |      0 |   2633 |   5 |  677.0 |
        Temple |    166 |    148 |     18 |      0 |    140 |   1 |  166.0 |
               +--------+--------+--------+--------+--------+-----+--------+

Top non-repeatable levels by time:
     D:4: 1196 daAuts
     D:2: 718 daAuts
     D:3: 678 daAuts
     D:1: 661 daAuts
  Temple: 166 daAuts
     D:5: 130 daAuts
